 Dungeon Crawl Stone Soup version 0.20.1-1-g8b1a95d66d (webtiles) character file.

7901 MondaySad the Cleaver (level 11, -6/89 HPs)
             Began as a Minotaur Berserker on Nov 23, 2017.
             Was an Elder of Trog.
             Mangled by a red draconian
             ... wielding a +1 halberd of flaming
              (11 damage)
             ... in a volcano.
             The game lasted 00:25:58 (9543 turns).

MondaySad the Cleaver (Minotaur Berserker)          Turns: 9543, Time: 00:25:59

Health: -6/89      AC: 13    Str: 24    XL:     11   Next: 2%
Magic:  10/10      EV: 10    Int:  4    God:    Trog [****..]
Gold:   477        SH:  7    Dex: 11    Spells: 10/10 levels left

rFire    . . .     SeeInvis .   z - +2 flail (holy)
rCold    . . .     Gourm    .   u - +0 buckler
rNeg     . . .     Faith    .   j - +0 chain mail
rPois    .         Spirit   .   (helmet restricted)
rElec    .         Reflect  .   (no cloak)
rCorr    .         Harm     .   Q - +2 pair of gloves {archery}
MR       .....                  (no boots)
Stlth    ..........             (no amulet)
Regen    0.3/turn               (no ring)
MPRegen  0.2/turn               (no ring)

@: no status effects
A: retaliatory headbutt, horns 2
a: Berserk, Trog's Hand, Brothers in Arms, Burn Spellbooks, Renounce Religion


You were in a volcano.
You worshipped Trog.
Trog was greatly pleased with you.
You were near starving.

You visited 2 branches of the dungeon, and saw 10 of its levels.
You also visited: Volcano.

You collected 477 gold pieces.

Inventory:

Hand Weapons
 a - a +0 hand axe
 y - a +2 flail of protection
 z - a +2 flail of holy wrath (weapon)
Armour
 j - a +0 chain mail (worn)
 k - a +0 scale mail
 u - a +0 buckler (worn)
 Q - a +2 pair of gloves of archery (worn)
Jewellery
 g - an uncursed ring of protection from magic {unknown}
 p - an uncursed ring of wizardry {unknown}
 r - an uncursed ring of wizardry {unknown}
Wands
 o - a wand of iceblast (6/15)
 A - a wand of lightning (5/15)
 C - a wand of polymorph (11/24)
 D - a wand of flame (16/48)
 K - a wand of flame (34/48)
Scrolls
 d - 10 scrolls of remove curse {unknown}
 e - 9 scrolls of identify {unknown}
 f - 2 scrolls of enchant armour {unknown}
 i - 8 scrolls of teleportation {unknown}
 m - a scroll of immolation {unknown}
 s - a scroll of blinking {unknown}
 w - 4 scrolls of enchant weapon {unknown}
 x - a scroll of magic mapping {unknown}
 B - 4 scrolls of amnesia {unknown}
 G - a scroll of random uselessness {unknown}
 N - a scroll of vulnerability {unknown}
Potions
 h - 3 potions of curing {unknown}
 l - a potion of mutation {unknown}
 n - 2 potions of heal wounds {unknown}
 q - a potion of ambrosia {unknown}
 v - a potion of lignification {unknown}
 E - 2 potions of invisibility {unknown}
 H - a potion of haste
 J - a potion of might {unknown}
 L - a potion of brilliance {unknown}
 M - a potion of flight {unknown}
 O - a potion of magic {unknown}
 R - a potion of agility {unknown}
Books
 I - a book of Clouds

   Spells                             Type                      Level
   a - Poisonous Vapours              Poison/Air                   2
   b - Mephitic Cloud                 Conjuration/Poison/Air       3
   c - Conjure Flame                  Conjuration/Fire             3
   d - Freezing Cloud                 Conjuration/Ice/Air          6
   e - Ring of Flames                 Charms/Fire                  7
   Trog disapproves of the use of such an item.
Comestibles
 b - 6 meat rations
 c - 5 bread rations
 t - 3 royal jellies
 F - 5 fruits


   Skills:
 - Level 5.8 Fighting
 + Level 13.6 Axes
 - Level 4.9 Armour
 - Level 4.5 Dodging
 + Level 12.5 Shields


You had 10 spell levels left.
You didn't know any spells.

Dungeon Overview and Level Annotations

Branches:
Dungeon (10/15)              Lair (1/6) D:10
 Temple: D:4-7          Orc: D:9-12

Altars:

Shops:
D:7 (   D:8 *


Innate Abilities, Weirdness & Mutations

You reflexively headbutt those who attack you in melee.
You have a pair of horns on your head.


Message History

The red draconian hits you with a halberd of flaming.
The red draconian burns you.
You hit the red draconian but do no damage.
The red draconian is lightly wounded.
You recover from your berserk rage.
You are near starving!
You sock the red draconian!
The red draconian is lightly wounded.
The red draconian breathes flames at you.
The searing blast hits you!
You hit the red draconian but do no damage.
The red draconian is lightly wounded.
The red draconian barely misses you. You furiously retaliate!
You headbutt the red draconian, but do no damage.
You hit the red draconian but do no damage.
The red draconian is lightly wounded.
The red draconian hits you with a halberd of flaming!!
* * * LOW HITPOINT WARNING * * *
The red draconian burns you!
You die...

#... #.. #.. #.# #'#
##### #.# ##...##
##.###.....##
#8d8###.....##
#.@.##..≈§...###
##......§§≈§....#
##......≈§≈§≈...##
#...§.§§§§§§≈≈≈..###
##).≈≈≈§§§≈≈≈≈≈≈...##
#..≈§≈≈§§§§≈≈§§§§...#
#)§≈≈≈≈§≈§§§§§≈§≈....
#.§≈≈§≈§§§≈≈§§≈§≈≈≈..
#.≈≈≈≈≈≈≈≈≈≈§§≈≈§§≈§.


You could see a red draconian.

Vanquished Creatures
  2 two-headed ogres (Volcano)
  3 death yaks
  A gargoyle (D:10)
  6 fire bats (Volcano)
  4 yaks
  Grum (D:9)
  A water moccasin (D:10)
  2 orc warriors (D:7)
  2 ice beasts
  2 black bears
  2 phantoms
  2 wolves (D:9)
  2 ogres
  4 bullfrogs
  A water moccasin zombie (D:8)
  2 scorpions
  4 killer bees (D:9)
  3 howler monkeys
  7 lava snakes (Volcano)
  3 hounds
  A bullfrog skeleton (D:4)
  3 orc priests
  5 iguanas
  5 orc wizards (D:4)
  8 worker ants
  9 adders
  A shadow imp (D:8)
  An ooze (D:3)
  2 adder skeletons (D:7)
  An adder zombie (D:7)
  3 worms (D:2)
  3 dart slugs
  4 leopard geckos
  26 orcs
  A ball python (D:3)
  A giant cockroach (D:3)
  8 goblins
  5 hobgoblins
  8 jackals
  5 kobolds
  3 quokkas
  4 bats
  9 frilled lizards
  4 rats
174 creatures vanquished.

Notes
Turn   | Place    | Note
-------+----------+-------------------------------------------
     0 | D:1      | MondaySad the Minotaur Berserker began the quest for the Orb.
     0 | D:1      | Reached XP level 1. HP: 19/19 MP: 0/0
     6 | D:1      | Noticed a black mamba
     6 | D:1      | Noticed a hog
     7 | D:1      | Noticed a polar bear
     7 | D:1      | Noticed a redback
    97 | D:1      | Reached XP level 2. HP: 18/27 MP: 1/1
   113 | D:1      | Reached skill level 4 in Axes
   734 | D:2      | Reached XP level 3. HP: 30/33 MP: 2/2
   938 | D:2      | Reached ** piety under Trog
  1527 | D:3      | Reached XP level 4. HP: 30/41 MP: 3/3
  2197 | D:4      | Reached XP level 5. HP: 39/47 MP: 4/4
  2202 | D:4      | Reached skill level 5 in Axes
  2321 | D:4      | Noticed a phantom
  2340 | D:4      | Killed a phantom
  2340 | D:4      | Reached skill level 5 in Fighting
  2437 | D:4      | Reached XP level 6. HP: 46/56 MP: 5/5
  2542 | D:4      | Reached *** piety under Trog
  3044 | D:4      | Reached XP level 7. HP: 51/62 MP: 6/6
  3269 | D:4      | Reached skill level 6 in Axes
  3269 | D:4      | Reached skill level 1 in Shields
  3340 | D:5      | Entered Level 5 of the Dungeon
  3469 | D:5      | You fall through a shaft for 2 floors!
  3695 | D:7      | Reached skill level 7 in Axes
  3954 | D:7      | Reached XP level 8. HP: 16/70 MP: 7/7
  4244 | D:7      | Found Ijob Nydgh's Antique Weapon Shoppe.
  4432 | D:7      | Reached skill level 5 in Shields
  4452 | D:7      | Reached skill level 8 in Axes
  4894 | D:8      | Reached **** piety under Trog
  5364 | D:8      | Reached skill level 9 in Axes
  5427 | D:8      | Found Gehergh's General Store.
  6264 | D:9      | Noticed Grum
  6273 | D:9      | Reached XP level 9. HP: 69/75 MP: 8/8
  6279 | D:9      | Killed Grum
  6281 | D:9      | Reached skill level 10 in Axes
  6972 | D:10     | Entered Level 10 of the Dungeon
  6972 | D:10     | Found a staircase to the Lair.
  6972 | D:10     | Noticed a death yak
  6972 | D:10     | Noticed a death yak
  6972 | D:10     | Noticed a gargoyle
  6974 | D:10     | Noticed a death yak
  7050 | D:9      | Reached skill level 11 in Axes
  7342 | D:9      | Killed a death yak
  7342 | D:9      | Reached skill level 10 in Shields
  7513 | D:10     | Killed a death yak
  7513 | D:10     | Reached XP level 10. HP: 76/83 MP: 9/9
  7518 | D:10     | Killed a death yak
  7518 | D:10     | Reached skill level 12 in Axes
  7733 | D:10     | Killed a gargoyle
  7868 | Lair:1   | Entered Level 1 of the Lair of Beasts
  8229 | Lair:1   | Found a dark tunnel.
  8238 | Volcano  | Entered a volcano
  9368 | Volcano  | Reached skill level 13 in Axes
  9464 | Volcano  | Noticed a two-headed ogre
  9465 | Volcano  | Noticed a red draconian
  9465 | Volcano  | Noticed a two-headed ogre
  9485 | Volcano  | Noticed a two-headed ogre
  9487 | Volcano  | Killed a two-headed ogre
  9493 | Volcano  | Killed a two-headed ogre
  9493 | Volcano  | Reached XP level 11. HP: 58/89 MP: 10/10
  9543 | Volcano  | Mangled by a red draconian

Skill      XL: |  1  2  3  4  5  6  7  8  9 10 |
---------------+-------------------------------+-----
Fighting       | 4 5 |  5.8
Axes           | 4 5 7 9 11 13 | 13.6
Armour         | 3 4 |  4.9
Dodging        | 3 4 |  4.5
Shields        | 4 7 10 12 | 12.5

Action                   |  1- 3 |  4- 6 |  7- 9 | 10-12 || total
-------------------------+-------+-------+-------+-------++-------
Melee: Hand axe          |    88 |   149 |    31 |       ||   268
       Headbutt          |    10 |    29 |    42 |    23 ||   104
       Flail             |       |       |   231 |    99 ||   330
Invok: Berserk           |       |       |     7 |     3 ||    10
       Burn Spellbooks   |       |       |       |     1 ||     1
  Eat: Chunk             |     2 |     5 |    18 |       ||    25
       Meat ration       |       |       |     1 |     1 ||     2
Armor: Animal skin       |     5 |       |       |       ||     5
       Chain mail        |    16 |    70 |    99 |    47 ||   232
Dodge: Dodged            |    56 |    69 |   119 |    44 ||   288
Block: Buckler           |       |     6 |    57 |    24 ||    87
